 Dungeon Crawl Stone Soup version 0.31-a0-1074-g0b22e4e0f1 (webtiles) character file.

Game seed: 1351347698667398324

181089 jlumianski the Grappler (level 18, 0/152 HPs)
             Began as a Gnoll Shapeshifter on Dec 7, 2023.
             Was the Champion of Wu Jian.
             Slain by a wolf spider (11 damage)
             ... on level 3 of the Spider Nest on Dec 8, 2023.
             The game lasted 03:33:31 (41560 turns).

jlumianski the Grappler (Gnoll Shapeshifter)       Turns: 41560, Time: 03:33:32

Health: 0/152      AC: 10    Str: 34    XL:     18   Next: 29%
Magic:  34/34      EV: 15    Int:  9    God:    Wu Jian [******]
Gold:   2544       SH:  0    Dex: 19    Spells: 24/42 levels left

rFire   + + .        J - melded +6 rapier "Pejorgh" {elec, Will+ Int+3}
rCold   x . .        (shield currently unavailable)
rNeg    . . .        I - melded +7 plate armour of Hide-and-Seek {+Blink MP+9}
rPois   +            F - melded +2 helmet {SInv}
rElec   .            G - melded +2 cloak
rCorr   .            C - melded +2 pair of gloves
SInv    .            h - melded +2 pair of boots
Will    +....        g - amulet of regeneration
Stlth   +++++        u - ring of poison resistance
HPRegen 1.25/turn    B - ring "Qymil" {Str+3 Dex+6}
MPRegen 0.24/turn

%: no passive effects
@: exhausted, dragon-form, flying, hasted, studying Long Blades, very quick
A: dragon claw, dragon scales, breathe fire, flying, giant, (fangs 1), strong
nose, distributed training
a: Breathe Fire, Begin Untransformation, Renounce Religion, Wall Jump, Serpent's
Lash, Heavenly Storm


You were on level 3 of the Spider Nest.
You worshipped Wu Jian.
Wu Jian was exalted by your worship.
You were a fearsome dragon!
You visited 7 branches of the dungeon, and saw 31 of its levels.
You also visited: Bailey.

You collected 5314 gold pieces.
You spent 2770 gold pieces at shops.

Inventory:

Hand Weapons
 J - the +6 rapier "Pejorgh" (melded) {elec, Will+ Int+3}
   (You found it on level 1 of the Lair of Beasts)

   Int+3:     It affects your intelligence (+3).
   Will+:     It increases your willpower.
Armour
 h - a +2 pair of boots (melded)
 q - a scarf of invisibility
 C - a +2 pair of gloves (melded)
 F - a +2 helmet of see invisible (melded)
 G - a +2 cloak (melded)
 I - the +7 plate armour of Hide-and-Seek (melded) {+Blink MP+9}
   (You took it off an orc warrior on level 5 of the Dungeon)

   MP+9:      It affects your magic capacity (+9).
   +Blink:    It lets you blink.
Jewellery
 g - an amulet of regeneration (around neck)
 u - a ring of poison resistance (left foreclaw)
 v - a +6 ring of dexterity
 B - the ring "Qymil" (right foreclaw) {Str+3 Dex+6}
   (You found it on level 4 of the Dungeon)

   [ring of dexterity]

   Str+3:     It affects your strength (+3).
   Dex+6:     It affects your dexterity (+6).
 N - a ring of protection from cold
 P - an amulet of the acrobat
 T - an amulet of reflection
Talismans
 c - the blade talisman of Submission {rElec rC+ Stlth+}
   (You found it on level 4 of the Lair of Beasts)

   [blade talisman]

   rC+:       It protects you from cold.
   rElec:     It insulates you from electricity.
   Stlth+:    It makes you more stealthy.
 d - a flux talisman
 o - a dragon-blood talisman (active)
Wands
 e - a wand of digging (1)
 i - a wand of flame (17)
 l - a wand of acid (13)
 p - a wand of mindburst (26)
 t - a wand of iceblast (23)
 V - a wand of charming (20)
Scrolls
 a - a scroll of silence
 f - 3 scrolls of poison
 r - 4 scrolls of blinking
 x - a scroll of immolation
 z - 7 scrolls of summoning
 D - 5 scrolls of fear
 E - 3 scrolls of fog
 H - 10 scrolls of identify
 O - 3 scrolls of teleportation
 Y - a scroll of revelation
Potions
 b - 3 potions of lignification
 j - 2 potions of ambrosia
 k - 4 potions of curing
 m - a potion of mutation
 n - 4 potions of resistance
 s - 3 potions of attraction
 w - 2 potions of brilliance
 A - a potion of magic {unknown}
 L - 2 potions of enlightenment
 Q - 2 potions of haste
 R - 2 potions of might
 W - 3 potions of cancellation


   Skills:
 + Level 12.7 Fighting
 + Level 12.5 Short Blades
 + Level 13.8 Long Blades
 + Level 12.5 Axes
 + Level 12.5 Maces & Flails
 + Level 12.5 Polearms
 + Level 12.5 Staves
 + Level 12.5 Ranged Weapons
 + Level 12.5 Throwing
 + Level 12.5 Armour
 + Level 13.2 Dodging
 + Level 12.5 Stealth
 + Level 12.5 Shields
 + Level 14.0 Unarmed Combat
 + Level 12.5 Spellcasting
 + Level 10.6 Conjurations
 + Level 10.6 Hexes
 + Level 10.6 Summonings
 + Level 10.6 Necromancy
 + Level 10.6 Translocations
 + Level 10.6 Transmutations
 + Level 10.6 Fire Magic
 + Level 10.6 Ice Magic
 + Level 10.6 Air Magic
 + Level 10.6 Earth Magic
 + Level 10.6 Poison Magic
 + Level 13.5 Invocations
 + Level 12.5 Evocations
 + Level 13.1 Shapeshifting


You had 24 spell levels left.
You knew the following spells:

 Your Spells              Type           Power      Damage    Failure   Level
a - Tukima's Dance        Hex            24%        N/A       1%          3
b - Dazzling Flash        Conj/Hex       48%        N/A       1%          3
c - Mephitic Cloud        Conj/Pois/Air  24%        N/A       1%          3
d - Lee's Rapid Deconstr  Erth           12%        3d8*      4%          5
e - Summon Lightning Spi  Summ/Air       24%        N/A       1%          4

Your spell library contained the following spells:

 Spells                   Type           Power      Damage    Failure   Level
 Sandblast                Erth           48%        2d12      1%          1
 Shock                    Conj/Air       96%        1d9       1%          1
 Blink                    Tloc           48%        N/A       1%          2
 Ensorcelled Hibernation  Hex/Ice        48%        N/A       1%          2
 Jinxbite                 Hex            48%        N/A       1%          2
 Passwall                 Tmut/Erth      20%        N/A       1%          2
 Poisonous Vapours        Pois/Air       48%        N/A       1%          2
 Static Discharge         Conj/Air       48%        3-5/arc   1%          2
 Stone Arrow              Conj/Erth      48%        3d10      1%          3
 Swiftness                Air            24%        N/A       1%          3
 Volatile Blastmotes      Fire/Tloc      48%        2d14      1%          3
 Airstrike                Air            12%        2d(2-18)  1%          4
 Anguish                  Hex/Necr       12%        N/A       1%          4
 Brom's Barrelling Bould  Conj/Erth      24%        2d5       1%          4
 Cause Fear               Hex            12%        N/A       1%          4
 Fulminant Prism          Conj/Hex       12%        3d8       1%          4
 Iskenderun's Mystic Bla  Conj/Tloc      24%        2d7       1%          4
 Leda's Liquefaction      Hex/Erth       12%        N/A       1%          4
 Manifold Assault         Tloc           24%        N/A       1%          4
 Passage of Golubria      Tloc           24%        N/A       1%          4
 Agony                    Necr           24%        N/A       4%          5
 Fireball                 Conj/Fire      12%        3d7       4%          5
 Freezing Cloud           Conj/Ice/Air   12%        6-21      4%          5
 Silence                  Hex/Air        12%        N/A       4%          5
 Yara's Violent Unravell  Hex/Tmut       12%        3d7       4%          5
 Bombard                  Conj/Erth      12%        9d3       22%         6
 Dragon's Call            Summ           12%        N/A       100%        9


Dungeon Overview and Level Annotations

Branches:
Dungeon (15/15)            Temple (1/1) D:4            Lair (5/5) D:9
 Shoals (1/4) Lair:3       Spider (4/4) Lair:3        Slime (0/5) Lair:5
    Orc (2/2) D:10            Elf (3/3) Orc:2        Vaults (0/5) D:14
 Depths (0/4) D:15         Bailey (visited)

Altars:
Ashenzari
Cheibriados
Dithmenos
Elyvilon
Fedhas
Gozag
Hepliaklqana
Kikubaaqudgha
Makhleb
Nemelex Xobeh
Okawaru
Qazlal
Ru
Sif Muna
Trog
Uskayaw
Vehumet
Wu Jian
Xom
Yredelemnul
Zin
The Shining One
Jiyva

Shops:
D:3 *?   D:11 [   Orc:2 ?[([(   Shoals:1 *

Portals:
Hell: Lair:5
Trove: D:11 (give +3 shadow dragon scales)

Annotations:
D:2 1 runed translucent door, Crazy Yiuf
D:4 2 transporters, monsoonserge's ghost, amateur OpAr
D:6 2 transporters


Innate Abilities, Weirdness & Mutations

You are a fearsome dragon!
You have a powerful clawing attack.
Your giant scaled body is strong and resilient, but less evasive.
You can breathe fire.
You are flying.
Your armour is entirely melded.
You are incapable of wielding weapons or throwing items.
((You have very sharp teeth.))
Your uncanny sense of smell can sniff out nearby items.
Your experience applies equally to all skills.


Message History

The wolf spider misses you. The moth of wrath barely misses you.
The wolf spider hits you but does no damage.
The wolf spider completely misses you.
The moth of wrath goads the wolf spider on!
The wolf spider goes berserk!
There is a stone staircase leading up here.
The wolf spider misses you. The wolf spider bites you!
The wolf spider closely misses you. The wolf spider bites you!
The moth of wrath bites you!
You fly upwards.
There is a stone staircase leading down, spattered with blood here.
You closely miss the wolf spider. The wolf spider hits you!!
The wolf spider bites you.
The wolf spider hits you but does no damage.
The wolf spider barely misses you. The moth of wrath closely misses you.
You barely miss the wolf spider.
You tail-slap the wolf spider, but do no damage.
Your bite misses the wolf spider. The wolf spider hits you.
The wolf spider barely misses you. The wolf spider hits you!!
The wolf spider bites you!
* * * LOW HITPOINT WARNING * * *
The moth of wrath barely misses you.
Okay, then.
Your muscles tense, ready for explosive movement...
You maul the wolf spider!!!
You tail-slap the wolf spider!
You bite the wolf spider, but do no damage.
The wolf spider is severely wounded.
The wolf spider hits you!!
* * * LOW HITPOINT WARNING * * *
The wolf spider bites you but does no damage.
The moth of wrath angrily waves its antennae.
The moth of wrath barely misses you.
Blink to where?
Press: ? - help, Dir - move target
As you read the scroll of blinking, it crumbles to dust.
You feel yourself speed up.
Your supernatural speed expires.
The wolf spider attacks as it pursues you!
The wolf spider misses you. The wolf spider bites you!
You die...

## #### .### #.)##
...##### ##...##
#..##†§## #(.#..#
##....#.# #..#.##
.^#..#y.## #....##
..#....^.### ##sD.<##
..##..##..(###..##..##
#..#..#....##..#...#.##
^^..#.....##°.#..#..^.#
.###..##.....#..#.#.#.#
..##.#.###°°°#..#.#.^.#
^#^#...#...##..##....##
....###...#.#..##...##
..#.....#.#...#..#.##


You could see a wolf spider (berserk, soul bound).

Vanquished Creatures
  Rupert (D:14)
  Jorgrun (D:15)
  Kirke (D:13)
  An orc warlord (Orc:1)
  2 broodmothers
  A ghost moth (Spider:2)
  A deep elf annihilator (Orc:2)
  Azrael (D:14)
  A deep elf demonologist (Orc:2)
  2 spark wasps
  A dire elephant (D:15)
  Snorg (D:13)
  A merfolk impaler (Shoals:1)
  A fire dragon (Lair:3)
  3 entropy weavers
  6 hydras
  Erolcha (Orc:2)
  A jorogumo (Spider:3)
  A hell beast (Lair:5)
  An ogre mage (D:14)
  5 two-headed ogres
  4 vault guards
  A merfolk avatar (Shoals:1)
  6 centaur warriors
  6 boulder beetles
  A radroach (Spider:2)
  6 demonic crawlers
  17 dancing weapons
  A tengu warrior (D:15)
  9 deep elf knights
  A fire crab (Lair:5)
  4 skeletal warriors
  Amaemon (Lair:3)
  2 skysharks
  2 sun moths
  4 pharaoh ants
  4 orb spiders
  Pikel (D:7)
  12 deep elf archers
  An arcanist (Lair:5)
  21 deep elf zephyrmancers
  4 steelbarb worms
  34 deep elf pyromancers
  An orc knight (Orc:1)
  11 wolf spiders
  3 orc sorcerers
  5 ugly things
  A cyclops (D:13)
  3 fauns (Shoals:1)
  6 manticores
  A moth of wrath (Spider:2)
  A salamander (D:15)
  Maurice (D:6)
  5 merfolk sirens
  7 black mambas
  20 elephants
  Joseph (D:7)
  A smoke demon (Lair:5)
  The ghost of kd29 the Mimic, a novice DrSh (D:6)
  4 orange demons
  9 cane toads
  Maggie (D:10)
  2 gargoyles
  4 torpor snails
  13 komodo dragons
  2 guardian mummies (D:11)
  9 rime drakes
  2 ice devils (Lair:5)
  3 efreet
  3 tengu conjurers
  A burning bush (Lair:5)
  7 meliai
  A queen bee (Lair:2)
  9 trolls
  A wolf spider simulacrum (D:15)
  2 hornets
  2 wind drakes (Shoals:1)
  A red devil (Lair:5)
  6 polar bears
  5 merfolk
  Grinder (D:3)
  16 tarantellas
  10 blink frogs
  27 jumping spiders
  A dream sheep (Lair:5)
  A snapping turtle (Shoals:1)
  A culicivora (shapeshifter) (D:14)
  2 air elementals (Elf:1)
  5 wyverns
  12 culicivoras
  8 slime creatures
  6 water elementals
  2 shadows
  3 hogs (D:13)
  4 fire bats (Lair:3)
  36 yaks
  A wraith (D:10)
  4 basilisks
  9 fire elementals
  39 redbacks
  A steam dragon (Lair:2)
  4 wargs
  An acid dragon (D:11)
  18 water moccasins
  6 hell hounds
  41 orc warriors
  4 black bears
  2 sky beasts (D:6)
  5 ice beasts
  13 ogres
  7 wolves
  14 centaurs
  3 lemures (D:7)
  2 phantoms (D:5)
  4 kobold brigands
  13 bullfrogs
  4 earth elementals
  3 scorpions
  4 wights (D:8)
  61 killer bees
  2 howler monkeys (D:6)
  2 lava snakes (Lair:2)
  2 jellies
  5 gnoll boudas
  25 orc priests
  2 hounds (D:5)
  6 iguanas
  Ijyb (D:3)
  27 orc wizards
  5 hell rats
  Terence (D:1)
  24 gnolls
  2 river rats (Lair:2)
  8 adders
  2 white imps
  2 ufetubi
  4 worms
  3 dart slugs
  109 orcs
  4 endoplasms
  4 giant cockroaches
  15 goblins
  4 hobgoblins
  6 jackals
  5 quokkas
  6 ball pythons
  8 bats
  4 frilled lizards (D:1)
  24 kobolds
  7 rats
  A butterfly (Lair:2)
1049 creatures vanquished.

Vanquished Creatures (collateral kills)
  A deep elf archer (Elf:3)
  A deep elf pyromancer (Elf:3)
  An orc warrior (Bailey)
  6 orcs (Bailey)
9 creatures vanquished.

Vanquished Creatures (others)
  A deep elf knight (Elf:1)
  A deep elf archer (Elf:1)
  A deep elf zephyrmancer (Elf:1)
  A queen bee (D:15)
  A bullfrog (Lair:3)
  2 killer bees (D:15)
7 creatures vanquished.

Grand Total: 1065 creatures vanquished

Notes
Turn   | Place    | Note
-------+----------+-------------------------------------------
     0 | D:1      | jlumianski the Gnoll Shapeshifter began the quest for the
                  | Orb.
     0 | D:1      | Reached XP level 1. HP: 17/17 MP: 1/1
     0 | D:1      | Noticed a formicid
     1 | D:1      | Noticed a troll
     2 | D:1      | Noticed an octopode
     4 | D:1      | Noticed a vampire
     6 | D:1      | Noticed a minotaur
     8 | D:1      | Noticed an ogre
     9 | D:1      | Noticed a merfolk
    11 | D:1      | Noticed an elf
    15 | D:1      | Noticed a human
    15 | D:1      | Noticed a ghoul
    17 | D:1      | Noticed a draconian
    19 | D:1      | Noticed a naga
    19 | D:1      | Noticed a spriggan
    77 | D:1      | Reached XP level 2. HP: 15/23 MP: 2/2
   106 | D:2      | Noticed Terence
   213 | D:1      | Reached XP level 3. HP: 26/28 MP: 3/3
   454 | D:1      | Reached skill level 1 in Invocations
   555 | D:1      | Killed Terence
   556 | D:1      | Reached skill level 1 in Short Blades
   556 | D:1      | Reached skill level 1 in Long Blades
   556 | D:1      | Reached skill level 1 in Axes
   556 | D:1      | Reached skill level 1 in Maces & Flails
   556 | D:1      | Reached skill level 1 in Polearms
   556 | D:1      | Reached skill level 1 in Staves
   556 | D:1      | Reached skill level 1 in Ranged Weapons
   556 | D:1      | Reached skill level 1 in Throwing
   556 | D:1      | Reached skill level 1 in Armour
   556 | D:1      | Reached skill level 1 in Stealth
   556 | D:1      | Reached skill level 1 in Shields
   556 | D:1      | Reached skill level 1 in Spellcasting
   556 | D:1      | Reached skill level 1 in Evocations
   556 | D:1      | Reached XP level 4. HP: 28/34 MP: 3/5
  1117 | D:2      | Reached skill level 1 in Conjurations
  1117 | D:2      | Reached skill level 1 in Hexes
  1117 | D:2      | Reached skill level 1 in Summonings
  1117 | D:2      | Reached skill level 1 in Necromancy
  1117 | D:2      | Reached skill level 1 in Translocations
  1117 | D:2      | Reached skill level 1 in Transmutations
  1117 | D:2      | Reached skill level 1 in Fire Magic
  1117 | D:2      | Reached skill level 1 in Ice Magic
  1117 | D:2      | Reached skill level 1 in Air Magic
  1117 | D:2      | Reached skill level 1 in Earth Magic
  1117 | D:2      | Reached skill level 1 in Poison Magic
  1513 | D:2      | Found a runed translucent door.
  1514 | D:2      | Noticed Crazy Yiuf
  1572 | D:3      | Found a hazy altar of Hepliaklqana.
  1572 | D:3      | Noticed Grinder
  1574 | D:3      | Paralysed by Grinder for 5 turns
  1583 | D:3      | Reached XP level 5. HP: 40/40 MP: 6/6
  1595 | D:3      | Killed Grinder
  1596 | D:3      | Reached skill level 5 in Dodging
  1596 | D:3      | Reached XP level 6. HP: 4/47 MP: 1/9
  1794 | D:3      | Found a broken altar of Ashenzari.
  2106 | D:3      | Noticed Ijyb
  2114 | D:3      | Killed Ijyb
  2115 | D:3      | Reached XP level 7. HP: 46/52 MP: 7/10
  2160 | D:4      | Noticed a hornet
  2179 | D:4      | Reached skill level 7 in Unarmed Combat
  2283 | D:3      | Found Yckieguo's Magic Scroll Shop.
  2286 | D:3      | Bought a scroll of identify for 22 gold pieces
  2286 | D:3      | Bought a scroll of identify for 22 gold pieces
  2302 | D:3      | Found a faded altar of an unknown god.
  2341 | D:3      | Found Lyilami's Assorted Antiques.
  2348 | D:3      | Bought a potion of heal wounds for 95 gold pieces
  2664 | D:5      | Entered Level 5 of the Dungeon
  2724 | D:4      | You fall into a shaft and drop 1 floor!
  2801 | D:4      | Identified the +4 spear "Buyts" {venom, *Rage rF+++ SInv
                  | Stlth-}
  2857 | D:4      | Found a staircase to the Ecumenical Temple.
  2887 | Temple   | Entered the Ecumenical Temple
  2896 | Temple   | Became a worshipper of the Wu Jian Council
  3071 | D:4      | Paralysed by a hornet for 2 turns
  3078 | D:4      | Killed a hornet
  3079 | D:4      | Reached XP level 8. HP: 23/60 MP: 9/12
  3365 | D:4      | Found a transporter.
  3375 | D:4      | Found a transporter.
  3404 | D:5      | Found a sacrificial altar of Ru.
  3409 | D:4      | Identified the ring "Qymil" {Str+3 Dex+6}
  3591 | D:4      | Noticed monsoonserge's ghost (amateur OpAr)
  3992 | D:5      | Found a burning altar of Makhleb.
  3992 | D:5      | Noticed a cacodemon
  3996 | D:5      | Noticed a hellwing
  3996 | D:5      | Noticed a hellwing
  4344 | D:5      | Found an opulent altar of Gozag.
  4429 | D:5      | Reached * piety under Wu Jian
  4466 | D:5      | Reached XP level 9. HP: 61/66 MP: 14/14
  4575 | D:6      | Found a transporter.
  4591 | D:6      | Found a transporter.
  4666 | D:6      | Reached skill level 5 in Fighting
  4927 | D:6      | Reached skill level 8 in Unarmed Combat
  4943 | D:6      | Reached skill level 5 in Invocations
  5041 | D:7      | Noticed Maurice
  5107 | D:7      | Maurice stole an amulet of magic regeneration
  5120 | D:6      | Maurice stole a flux talisman
  5126 | D:6      | Maurice stole a +0 rapier
  5127 | D:6      | Killed Maurice
  5128 | D:6      | Reached XP level 10. HP: 44/75 MP: 8/17
  5324 | D:6      | Reached skill level 5 in Short Blades
  5324 | D:6      | Reached skill level 5 in Long Blades
  5324 | D:6      | Reached skill level 5 in Axes
  5324 | D:6      | Reached skill level 5 in Maces & Flails
  5324 | D:6      | Reached skill level 5 in Polearms
  5324 | D:6      | Reached skill level 5 in Staves
  5324 | D:6      | Reached skill level 5 in Ranged Weapons
  5324 | D:6      | Reached skill level 5 in Throwing
  5324 | D:6      | Reached skill level 5 in Armour
  5324 | D:6      | Reached skill level 5 in Stealth
  5324 | D:6      | Reached skill level 5 in Shields
  5324 | D:6      | Reached skill level 5 in Spellcasting
  5324 | D:6      | Reached skill level 5 in Evocations
  5568 | D:5      | Reached ** piety under Wu Jian
  5707 | D:5      | Found an ancient bone altar of Kikubaaqudgha.
  5720 | D:5      | Found a radiant altar of Vehumet.
  5727 | D:5      | Got Vehumet's Almanac of Energy
  5739 | D:5      | Found a shimmering blue altar of Sif Muna.
  5888 | D:6      | Found a runed translucent gate.
  5888 | D:6      | Noticed kd29's ghost (novice DrSh)
  5889 | D:6      | Found a runed translucent gate.
  5889 | D:6      | Identified the +7 plate armour of Hide-and-Seek {+Blink
                  | MP+9}
  5890 | D:6      | Found a runed translucent gate.
  6181 | D:6      | Killed kd29's ghost
  6558 | D:7      | Noticed Pikel
  6576 | D:7      | Killed Pikel
  6691 | D:7      | Noticed Joseph
  6712 | D:7      | Killed Joseph
  6895 | D:8      | Found a flagged portal.
  6921 | D:8      | Reached *** piety under Wu Jian
  6956 | Bailey   | Entered a bailey
  7125 | Bailey   | Reached XP level 11. HP: 70/83 MP: 19/19
  7128 | Bailey   | Reached skill level 9 in Unarmed Combat
  7181 | Bailey   | Acquired 905 gold pieces
  7448 | D:7      | Found a hide-covered altar of Uskayaw.
  7662 | D:8      | Reached skill level 5 in Conjurations
  7662 | D:8      | Reached skill level 5 in Hexes
  7662 | D:8      | Reached skill level 5 in Summonings
  7662 | D:8      | Reached skill level 5 in Necromancy
  7662 | D:8      | Reached skill level 5 in Translocations
  7662 | D:8      | Reached skill level 5 in Transmutations
  7662 | D:8      | Reached skill level 5 in Fire Magic
  7662 | D:8      | Reached skill level 5 in Ice Magic
  7662 | D:8      | Reached skill level 5 in Air Magic
  7662 | D:8      | Reached skill level 5 in Earth Magic
  7662 | D:8      | Reached skill level 5 in Poison Magic
  7786 | D:10     | Entered Level 10 of the Dungeon
  7860 | D:8      | Reached **** piety under Wu Jian
  8041 | D:8      | Found a white marble altar of Elyvilon.
  8260 | D:8      | Noticed a centaur warrior
  8269 | D:8      | Killed a centaur warrior
  9000 | D:9      | Found a staircase to the Lair.
  9236 | D:10     | Found a shimmering altar of Xom.
  9363 | D:9      | Reached ***** piety under Wu Jian
  9882 | D:10     | Found a stormy altar of Qazlal.
 10114 | D:10     | Found a staircase to the Orcish Mines.
 10323 | D:10     | Noticed Maggie
 10334 | D:10     | Killed Maggie
 10785 | D:12     | Noticed a two-headed ogre
 10796 | D:12     | Noticed a skeletal warrior
 10796 | D:12     | Noticed a skeletal warrior
 10796 | D:12     | Noticed a skeletal warrior
 10798 | D:12     | Noticed a skeletal warrior
 10803 | D:12     | Noticed a boulder beetle
 10811 | D:12     | Killed a boulder beetle
 10962 | D:12     | Noticed a two-headed ogre
 10973 | D:12     | Killed a two-headed ogre
 10994 | D:12     | Noticed a white ugly thing
 11006 | D:12     | Killed a white ugly thing
 11007 | D:12     | Reached XP level 12. HP: 60/91 MP: 21/22
 11207 | D:12     | Killed a two-headed ogre
 11722 | D:12     | Reached skill level 10 in Unarmed Combat
 12071 | D:11     | Found Mauxijerph's Armour Shop.
 12204 | D:11     | Found a portal to a secret trove of treasure.
 12811 | Orc:1    | Entered Level 1 of the Orcish Mines
 13345 | Orc:2    | Entered Level 2 of the Orcish Mines
 13591 | Orc:2    | Found Buxaru Doupn's Weapon Shop.
 13617 | Orc:2    | Found a staircase to the Elven Halls.
 13641 | Orc:1    | Noticed Erolcha
 13699 | Orc:2    | Killed Erolcha
 13989 | Orc:2    | Found Qaqasar's Armour Emporium.
 14041 | Orc:2    | Bought a +2 helmet of see invisible for 322 gold pieces
 14148 | Orc:2    | Found Caicips's Magic Scroll Emporium.
 14160 | Orc:2    | Bought a scroll of identify for 22 gold pieces
 14160 | Orc:2    | Bought a scroll of amnesia for 44 gold pieces
 14160 | Orc:2    | Bought 2 scrolls of identify for 44 gold pieces
 14160 | Orc:2    | Bought 3 scrolls of summoning for 313 gold pieces
 14160 | Orc:2    | Bought a scroll of summoning for 104 gold pieces
 14160 | Orc:2    | Bought a scroll of identify for 22 gold pieces
 14246 | Orc:2    | Reached XP level 13. HP: 99/99 MP: 25/25
 14479 | Orc:2    | Noticed an orc warlord
 14579 | Orc:1    | Killed an orc warlord
 14701 | Orc:1    | Reached skill level 10 in Shapeshifting
 14740 | Orc:2    | Paralysed by an orc sorcerer for 2 turns
 14770 | Orc:2    | Found Wehuawal's Antique Armour Shop.
 14777 | Orc:2    | Found Caele's Antique Weapon Boutique.
 14946 | Lair:1   | Entered Level 1 of the Lair of Beasts
 14972 | Lair:1   | Identified the +6 rapier "Pejorgh" {elec, Will+ Int+3}
 15105 | Lair:1   | Reached ****** piety under Wu Jian
 15585 | Lair:1   | You fall into a shaft and drop 1 floor!
 17019 | Lair:2   | Reached skill level 10 in Dodging
 17019 | Lair:2   | Reached skill level 11 in Unarmed Combat
 17677 | Lair:2   | Reached XP level 14. HP: 99/108 MP: 27/27
 17952 | Lair:3   | Reached skill level 10 in Invocations
 18373 | Lair:4   | Identified the blade talisman of Submission {rElec rC+
                  | Stlth+}
 18403 | Lair:3   | Found a hole to the Spider Nest.
 18462 | Lair:5   | Entered Level 5 of the Lair of Beasts
 18511 | Lair:3   | Found a snail-covered altar of Cheibriados.
 18567 | Lair:3   | Noticed Amaemon
 18586 | Lair:3   | Killed Amaemon
 18827 | Lair:3   | Found a staircase to the Shoals.
 20059 | Lair:4   | Reached skill level 10 in Fighting
 20685 | Lair:5   | Acquired 888 gold pieces
 20868 | Lair:5   | Found a viscous altar of Jiyva.
 20868 | Lair:5   | Found a staircase to the Slime Pits.
 20929 | Lair:5   | Reached XP level 15. HP: 101/115 MP: 28/28
 21107 | Lair:5   | Reached skill level 10 in Short Blades
 21107 | Lair:5   | Reached skill level 10 in Long Blades
 21107 | Lair:5   | Reached skill level 10 in Axes
 21107 | Lair:5   | Reached skill level 10 in Maces & Flails
 21107 | Lair:5   | Reached skill level 10 in Polearms
 21107 | Lair:5   | Reached skill level 10 in Staves
 21107 | Lair:5   | Reached skill level 10 in Ranged Weapons
 21107 | Lair:5   | Reached skill level 10 in Throwing
 21107 | Lair:5   | Reached skill level 10 in Armour
 21107 | Lair:5   | Reached skill level 10 in Stealth
 21107 | Lair:5   | Reached skill level 10 in Shields
 21107 | Lair:5   | Reached skill level 10 in Spellcasting
 21107 | Lair:5   | Reached skill level 10 in Evocations
 21400 | Lair:5   | Reached skill level 12 in Unarmed Combat
 21512 | Lair:5   | Found a burning altar of Makhleb.
 21687 | Lair:5   | Found a gateway to Hell.
 22456 | D:13     | Noticed Snorg
 22469 | D:13     | Killed Snorg
 22908 | D:13     | Noticed Kirke
 22928 | D:13     | Killed Kirke
 23332 | D:14     | Noticed Rupert
 23352 | D:14     | Killed Rupert
 23545 | D:14     | Found a gate to the Vaults.
 24201 | D:15     | Entered Level 15 of the Dungeon
 24465 | D:15     | Noticed Jorgrun
 24477 | D:15     | Killed Jorgrun
 24718 | D:15     | Reached XP level 16. HP: 115/125 MP: 30/30
 24799 | D:15     | Found a staircase to the Depths.
 25258 | D:15     | Found a radiant altar of Vehumet.
 25451 | D:15     | Noticed Azrael
 25725 | D:14     | Killed Azrael
 26594 | Spider:1 | Entered Level 1 of the Spider Nest
 26964 | Shoals:1 | Entered Level 1 of the Shoals
 27226 | Shoals:1 | Found Lpta's Luxury Loot.
 27239 | Shoals:1 | Bought an amulet of regeneration for 480 gold pieces
 27239 | Shoals:1 | Bought a manual of Long Blades for 1280 gold pieces
 27820 | Shoals:1 | Learned a level 3 spell: Tukima's Dance
 28444 | Elf:1    | Entered Level 1 of the Elven Halls
 29172 | Orc:2    | Learned a level 3 spell: Dazzling Flash
 29176 | Orc:2    | Learned a level 3 spell: Mephitic Cloud
 31263 | Elf:1    | Reached skill level 13 in Unarmed Combat
 33872 | Elf:1    | Reached XP level 17. HP: 133/133 MP: 32/32
 34573 | Elf:1    | Paralysed by an air elemental for 1 turns
 35162 | Elf:2    | Found a runed translucent gate.
 35168 | Elf:2    | Found a runed translucent gate.
 35168 | Elf:2    | Found a runed translucent gate.
 35287 | Elf:2    | HP: 3/133 [+3 glaive of protection (14)]
 35631 | Elf:3    | Entered Level 3 of the Elven Halls
 35666 | Elf:3    | HP: 5/133 [deep elf archer/arrow (19)]
 35987 | Elf:3    | Reached skill level 10 in Conjurations
 35987 | Elf:3    | Reached skill level 10 in Hexes
 35987 | Elf:3    | Reached skill level 10 in Summonings
 35987 | Elf:3    | Reached skill level 10 in Necromancy
 35987 | Elf:3    | Reached skill level 10 in Translocations
 35987 | Elf:3    | Reached skill level 10 in Transmutations
 35987 | Elf:3    | Reached skill level 10 in Fire Magic
 35987 | Elf:3    | Reached skill level 10 in Ice Magic
 35987 | Elf:3    | Reached skill level 10 in Air Magic
 35987 | Elf:3    | Reached skill level 10 in Earth Magic
 35987 | Elf:3    | Reached skill level 10 in Poison Magic
 36738 | Elf:3    | Identified the +1 ring mail of the Dungeon {+Inv Str-3
                  | Int+3}
 39345 | Spider:1 | Identified the +4 leather armour of the Trees {Harm rC-
                  | rCorr}
 39771 | Spider:2 | Learned a level 5 spell: Lee's Rapid Deconstruction
 39776 | Spider:2 | Learned a level 4 spell: Summon Lightning Spire
 39788 | Spider:2 | Reached XP level 18. HP: 141/141 MP: 34/34
 40726 | Spider:4 | Entered Level 4 of the Spider Nest
 41224 | Spider:3 | Reached skill level 14 in Unarmed Combat
 41554 | Spider:3 | HP: 6/152 [wolf spider (32)]
 41560 | Spider:3 | Slain by a wolf spider

Illustrated notes

Levels and vault maps discovered:
D:1:      shiori_arrival_whats_in_store_for_you, layout_loops_corners
D:2:      layout_rooms, corexii_hall_statues_l, uniq_terence,
          uniq_crazy_yiuf_cottage
D:3:      layout_rooms, evilmike_ruin_ashenzari, mainiacjoe_overflow_brackets,
          serial_shops, nicolae_shop_behind_doors,
          nicolae_shop_overgrown_old_shop, ebering_ecumenical_altar_rust,
          uniq_grinder, uniq_ijyb
D:4:      layout_loops_ring, minmay_temple_entry_statues_pillars,
          gammafunk_ghost_gnarly_gnolls
D:5:      layout_basic, palyth_temple_overflow_mages,
          nicolae_gozag_cash_rules_everything_around_me,
          makhleb_altar_promises_db, amcnicky_altar_gilded
D:6:      gammafunk_steamed_eel, layout_rooms, biasface_ghost_orc_armoury
D:7:      layout_basic, lemuel_round_altar, uniq_pikel, uniq_maurice,
          uniq_joseph
D:8:      layout_loops_ring, mainiacjoe_overflow_surrounded_room,
          serial_co_window_serial, co_window_corner_a, co_window_corner_a,
          co_window_corner_a, co_window_paths_a, co_window_of_opportunity_a,
          co_window_unsneaky_path_c, co_window_of_opportunity_b,
          co_window_of_opportunity_b, co_window_4corner_b, glass_columns_a,
          glass_columns_a, glass_columns_c, enter_bailey_2
D:9:      layout_roguey, hellmonk_lair_entry_icy
D:10:     layout_basic, mainiacjoe_overflow_large_starburst, orc_0_dummy,
          lemuel_flamethrower_hall, uniq_maggie
D:11:     layout_irregular_city, serial_rivers, chequers_serial_rivers_micro_a,
          chequers_serial_rivers_micro_d, chequers_serial_rivers_micro_c,
          chequers_serial_rivers_small_b, chequers_serial_rivers_large_a,
          chequers_serial_rivers_micro_c, serial_shops, nicolae_shop_crystal,
          nicolae_trove_entry_path_of_doom, minivault_23
D:12:     layout_roguey, serial_corexii_hall, corexii_hall_statues_i,
          corexii_hall_statues_i, minmay_crystal_water,
          kennysheep_generic_room_14
D:13:     layout_roguey, hangedman_decor_push, uniq_kirke, uniq_snorg
D:14:     layout_small_grid, lightli_vaults_fourway_checkpoint, serial_shops,
          shop, minmay_misc_feat_nine_boxes, uniq_rupert
D:15:     hangedman_depths_entry_try_elsewhere_first, layout_basic,
          fiery_altar_vehumet, nicolae_looking_at_the_future, uniq_jorgrun,
          uniq_azrael
Temple:   chequers_temple_sunken
Lair:1:   layout_hall_layers
Lair:2:   regret_index_combs_of_tragedy, layout_gridlike, lemuel_fruit_fields,
          infiniplex_staircase_pool_2
Lair:3:   dragon1_lemuel, layout_gridlike, elwin_shoals_entry_rooms,
          nicolae_spider_entry_tight_spaces, basic_altar, uniq_amaemon
Lair:4:   layout_roguey
Lair:5:   evil_forest, layout_regular_city, slime_entry_1, fungi_pond_lemuel,
          evilmike_ambush [evilmike_ambush_outer_basic,
          evilmike_ambush_inner_basic]
Shoals:1: layout_shoals, nicolae_alphabet_shops
Spider:1: layout_chambers
Spider:2: layout_chambers
Spider:3: layout_spider_delve
Spider:4: grunt_spider_rune_island, gammafunk_ghost_cemetery, uniq_arachne
Orc:1:    layout_caves, basic_altar, uniq_erolcha
Orc:2:    grunt_orc_community_town_hall, layout_caves,
          grunt_orc_community_big_house_1, grunt_orc_community_big_house_1,
          grunt_orc_community_house_2, grunt_orc_community_house_3,
          grunt_orc_community_house_1, grunt_orc_community_house_1,
          grunt_orc_community_house_2, serial_shops, nicolae_diamond_shop
Elf:1:    elf_arrival_002, layout_loops_corners, minmay_elf_crystal_hexagon,
          grunt_megastairs_5
Elf:2:    nicolae_elf_blades_crystal_corner, layout_loops_corners, serial_glass,
          glass_columns_c, glass_columns_a, glass_columns_c, glass_columns_b,
          glass_columns_c, glass_columns_a
Elf:3:    minmay_elf_hall_spiked, layout_gridlike, serial_shops,
          nicolae_shop_real_fake_doors, hellmonk_sif_muna_bookshelves, uniq_mara

Skill      XL: |  1  2  3  4  5  6  7  8  9 10 11 12 13 14 15 16 17 18 |
---------------+-------------------------------------------------------+-----
Invocations    | 1 2 3 4 5 6 7 8 9 10 11 12 13 | 13.5
Short Blades   | 1 2 3 4 5 7 8 9 10 11 12 | 12.5
Long Blades    | 1 2 3 4 5 7 8 9 10 12 13 | 13.8
Axes           | 1 2 3 4 5 7 8 9 10 11 12 | 12.5
Maces & Flails | 1 2 3 4 5 7 8 9 10 11 12 | 12.5
Polearms       | 1 2 3 4 5 7 8 9 10 11 12 | 12.5
Staves         | 1 2 3 4 5 7 8 9 10 11 12 | 12.5
Ranged Weapons | 1 2 3 4 5 7 8 9 10 11 12 | 12.5
Throwing       | 1 2 3 4 5 7 8 9 10 11 12 | 12.5
Armour         | 1 2 3 4 5 7 8 9 10 11 12 | 12.5
Stealth        | 1 2 3 4 5 7 8 9 10 11 12 | 12.5
Shields        | 1 2 3 4 5 7 8 9 10 11 12 | 12.5
Spellcasting   | 1 2 3 4 5 7 8 9 10 11 12 | 12.5
Evocations     | 1 2 3 4 5 7 8 9 10 11 12 | 12.5
Conjurations   | 1 2 3 4 5 6 7 8 9 10 | 10.6
Hexes          | 1 2 3 4 5 6 7 8 9 10 | 10.6
Summonings     | 1 2 3 4 5 6 7 8 9 10 | 10.6
Necromancy     | 1 2 3 4 5 6 7 8 9 10 | 10.6
Translocations | 1 2 3 4 5 6 7 8 9 10 | 10.6
Transmutations | 1 2 3 4 5 6 7 8 9 10 | 10.6
Fire Magic     | 1 2 3 4 5 6 7 8 9 10 | 10.6
Ice Magic      | 1 2 3 4 5 6 7 8 9 10 | 10.6
Air Magic      | 1 2 3 4 5 6 7 8 9 10 | 10.6
Earth Magic    | 1 2 3 4 5 6 7 8 9 10 | 10.6
Poison Magic   | 1 2 3 4 5 6 7 8 9 10 | 10.6
Fighting       | 3 4 5 6 7 8 9 10 11 12 | 12.7
Dodging        | 5 6 7 8 9 10 11 12 13 | 13.2
Unarmed Combat | 7 8 9 10 11 12 13 14 | 14.0
Shapeshifting  | 7 8 9 10 11 12 13 | 13.1

Action                     |  1- 3 |  4- 6 |  7- 9 | 10-12 | 13-15 | 16-18 || total
---------------------------+-------+-------+-------+-------+-------+-------++-------
  Melee: Unarmed           |    47 |   106 |   331 |  1087 |  1732 |  1431 ||  4734
         Bite              |     4 |    10 |    44 |   157 |   264 |   238 ||   717
         Punch             |     2 |     1 |     1 |       |     2 |     7 ||    13
         Rapier            |       |       |       |       |     7 |       ||     7
         Tailslap          |       |       |       |       |       |    26 ||    26
   Cast: Mephitic Cloud    |       |       |       |       |       |    39 ||    39
         Tukima's Dance    |       |       |       |       |       |     2 ||     2
         Summon Lightning  |       |       |       |       |       |     2 ||     2
         Lee's Rapid Decon |       |       |       |       |       |     1 ||     1
 Invoke: Serpent's Lash    |       |       |       |     3 |     3 |     2 ||     8
         Heavenly Storm    |       |       |       |       |       |     1 ||     1
Ability: Lunge             |       |       |    20 |    83 |    77 |    79 ||   259
         Whirlwind         |       |       |    10 |    87 |   193 |    92 ||   382
         Wall Jump         |       |       |       |    59 |   109 |    51 ||   219
         Evoke Blink       |       |       |       |     2 |       |     5 ||     7
         Breathe Fire      |       |       |       |       |       |     2 ||     2
  Evoke: Wand              |       |       |     2 |     6 |     1 |     9 ||    18
    Use: Scroll            |       |       |     9 |    19 |     4 |     7 ||    39
         Potion            |       |       |       |     3 |     2 |    10 ||    15
   Stab: Sleeping          |     2 |       |       |       |       |     5 ||     7
         Confused          |       |       |       |       |       |    27 ||    27
         Distracted        |       |       |       |       |       |     3 ||     3
 Armour: Animal skin       |    21 |       |       |       |       |       ||    21
         Chain mail        |     6 |    66 |   224 |       |       |       ||   296
         Scale mail        |       |       |    23 |    50 |       |       ||    73
         Plate armour      |       |       |       |   747 |  1337 |  1154 ||  3238
         Skin              |       |       |       |       |       |    99 ||    99
  Dodge: Dodged            |    24 |    44 |   212 |   650 |  1139 |   807 ||  2876
  Block: Other             |       |       |       |       |    28 |   163 ||   191
         Reflection        |       |       |       |       |       |    25 ||    25
   Form: Flux              |       |       |     1 |       |     1 |     1 ||     3
         Beast             |       |       |       |       |     1 |       ||     1
         Blade             |       |       |       |       |       |     1 ||     1
         Dragon            |       |       |       |       |       |     1 ||     1

Table legend: (Time is in decaauts)
 A = Elapsed time spent in this place.
 B = Non-inter-level travel time spent in this place.
 C = Inter-level travel time spent in this place.
 D = Time resting spent in this place.
 E = Time spent auto-exploring this place.
 F = Levels seen in this place.
 G = Mean time per level.
                   A        B        C        D        E       F      G
               +--------+--------+--------+--------+--------+-----+--------+
         Total |  41452 |  39751 |   1701 |  10390 |  15848 |  32 | 1295.4 |
       Dungeon |  17156 |  16366 |    790 |   2758 |   7702 |  15 | 1143.7 |
        Temple |     19 |     19 |      0 |      0 |      0 |   1 |   19.0 |
          Lair |   8382 |   7773 |    609 |   1220 |   3774 |   5 | 1676.4 |
        Shoals |    833 |    833 |      0 |    289 |    188 |   1 |  833.0 |
   Spider Nest |   4089 |   3951 |    138 |    729 |   1965 |   4 | 1022.2 |
  Orcish Mines |   5883 |   5776 |    107 |   3882 |    660 |   2 | 2941.5 |
   Elven Halls |   4842 |   4788 |     54 |   1512 |   1558 |   3 | 1614.0 |
        Bailey |    245 |    245 |      0 |      0 |      0 |   1 |  245.0 |
               +--------+--------+--------+--------+--------+-----+--------+

Top non-repeatable levels by time:
   Orc:2: 5084 daAuts
   Elf:1: 2413 daAuts
  Lair:3: 2226 daAuts
  Lair:2: 2035 daAuts
   Elf:2: 1801 daAuts
Spider:2: 1563 daAuts
    D:15: 1538 daAuts
  Lair:1: 1512 daAuts
Spider:1: 1510 daAuts
     D:8: 1487 daAuts
  Lair:5: 1468 daAuts
    D:13: 1425 daAuts
     D:5: 1417 daAuts
     D:4: 1340 daAuts
    D:10: 1248 daAuts
